 Dungeon Crawl Stone Soup version 0.17.0-57-g0e89251 (webtiles) character file.

2324 PossumBlood the Cleaver (level 9, 0/79 HPs)
             Began as a Minotaur Fighter on Dec 6, 2015.
             Slain by a sky beast (5 damage)
             ... on level 7 of the Dungeon.
             The game lasted 00:17:51 (5224 turns).

PossumBlood the Cleaver (Minotaur Fighter)          Turns: 5224, Time: 00:17:54

Health: 0/79       AC: 11    Str: 24    XL:     9   Next: 19%
Magic:  8/8        EV:  8    Int:  5    God:
Gold:   113        SH: 11    Dex: 10    Spells: 0 memorised, 8 levels left

rFire  . . .     SeeInvis .     o - +2 war axe (chop)
rCold  . . .     Clarity  .     b - +0 scale mail
rNeg   . . .     SustAt   .     c - +0 shield
rPois  .         Gourm    .     (helmet restricted)
rElec  .         Spirit   .     y - +1 cloak {MR+}
rCorr  .         Warding  .     r - +0 pair of gloves
rMut   +         Stasis   .     (no boots)
MR     +....                    h - amulet of resist mutation
Stlth  ..........               (no ring)
                                (no ring)

@: lethally poisoned (0 -> -1), somewhat resistant to hostile enchantments,
extremely unstealthy
A: retaliatory headbutt, horns 2
a: no special abilities


You were on level 7 of the Dungeon.
You were not hungry.

You visited 2 branches of the dungeon, and saw 8 of its levels.

You collected 466 gold pieces.
You spent 353 gold pieces at shops.

Inventory:

Hand Weapons
 a - a +1 war axe
 o - a +2 war axe of chopping (weapon)
 v - a +0 great sword
 C - a +3 long sword
 E - a +3 scimitar
Missiles
 k - 8 javelins (quivered)
 B - 8 tomahawks of dispersal
 H - 6 tomahawks
Armour
 b - a +0 scale mail (worn)
 c - a +0 shield (worn)
 r - a +0 pair of gloves (worn)
 y - a +1 cloak of magic resistance (worn)
Jewellery
 h - an amulet of resist mutation (around neck)
 F - a cursed -5 ring of evasion {unknown}
Wands
 A - a wand of slowing (37)
Scrolls
 i - 2 scrolls of remove curse
 j - 2 scrolls of identify
 s - a scroll of random uselessness {unknown}
 t - 4 scrolls of magic mapping
Potions
 d - a potion of might
 f - a potion of agility {unknown}
 l - a potion of magic {unknown}
 n - a potion of lignification {unknown}
 p - 2 potions of flight
 q - a potion of degeneration {unknown}
 u - a potion of curing {unknown}
 w - a potion of haste {unknown}
 x - a potion of brilliance {unknown}
Comestibles
 e - 2 bread rations
 g - 7 fruits
 m - 2 beef jerkies
 z - 6 meat rations


   Skills:
 + Level 7.5 Fighting
 * Level 9.8 Axes
 + Level 7.2 Armour
 + Level 7.5 Shields


You had 8 spell levels left.
You didn't know any spells.

Dungeon Overview and Level Annotations

Branches:
Dungeon (7/15)             Temple (1/1) D:6

Altars:
Ashenzari
Cheibriados
Dithmenos
Elyvilon
Fedhas
Gozag
Kikubaaqudgha
Makhleb
Nemelex Xobeh
Qazlal
Sif Muna
Trog
Vehumet
Xom
Zin
The Shining One

Shops:
D:5 [%=%[   D:7 *


Innate Abilities, Weirdness & Mutations

You reflexively headbutt those who attack you in melee.
You have a pair of horns on your head.


Message History

Something hits you.
* * * LOW HITPOINT WARNING * * *
Something shocks you.
* * * LOW HITPOINT WARNING * * *
You hit something. You headbutt something. You hit the plant.
The plant is severely damaged.
You slash the plant!
The plant is moderately damaged.
You feel sick. Something hits you.
* * * LOW HITPOINT WARNING * * *
Something shocks you.
* * * LOW HITPOINT WARNING * * *
Drink which item? (? for menu, Esc to quit)
It was a potion of mutation.
You feel extremely strange.
A sky beast appears from thin air!
Reactivating autopickup.
The sky beast hits you.
* * * LOW HITPOINT WARNING * * *
The sky beast shocks you.
You die...

... ..... #.###.....
#.#....... #.#.......
#+# #.#.....%. #.#####
#......... #.....#
##†Y.P..... #.###.#
#††@∩P..... #.# #.#
#.†PPP..... ####.#
#.###.......... #.##.#
#..............
#.##.##########.......
#.#.....# .......
#.#.....# .......
#.......# .......
.####.....# ###


You could see a sky beast.

Vanquished Creatures
  Grinder (D:4)
  The ghost of PossumBlood the Magician, an amateur OpWz of Sif Muna (D:4)
  A sky beast (D:6)
  An ice beast (D:5)
  An ogre (D:4)
  A centaur (D:5)
  A giant frog (D:6)
  A wyvern skeleton (D:7)
  3 scorpions
  5 wights (D:6)
  5 killer bees (D:7)
  2 crimson imps
  4 hounds
  5 iguanas
  Jessica (D:3)
  7 worker ants
  3 orc wizards
  3 hound zombies (D:6)
  A hound skeleton (D:4)
  Robin (D:4)
  6 gnolls
  A worker ant zombie (D:3)
  13 adders
  A shadow imp (D:6)
  2 oozes
  An adder skeleton (D:4)
  An adder zombie (D:6)
  4 worms
  15 orcs
  8 bats
  12 hobgoblins
  5 jackals
  5 quokkas
  8 giant cockroaches
  A giant gecko (D:3)
  A giant gecko skeleton (D:6)
  4 giant newts
  15 goblins
  6 kobolds
  6 rats
  A plant (D:7)
164 creatures vanquished.

Vanquished Creatures (others)
  A plant (D:7)
1 creature vanquished.

Grand Total: 165 creatures vanquished

Notes
Turn   | Place    | Note
--------------------------------------------------------------
     0 | D:1      | PossumBlood the Minotaur Fighter began the quest for the Orb.
     0 | D:1      | Reached XP level 1. HP: 19/19 MP: 0/0
   115 | D:1      | Found a sparkling altar of Nemelex Xobeh.
   197 | D:1      | Reached XP level 2. HP: 25/27 MP: 1/1
   646 | D:2      | Reached skill level 4 in Armour
   646 | D:2      | Reached XP level 3. HP: 19/33 MP: 2/2
   949 | D:2      | Reached XP level 4. HP: 21/40 MP: 3/3
  1128 | D:3      | Found a bloodstained altar of Trog.
  1296 | D:3      | Noticed Jessica
  1311 | D:3      | Killed Jessica
  1311 | D:3      | Reached XP level 5. HP: 20/47 MP: 4/4
  1641 | D:3      | Found a faded altar to an unknown god.
  2075 | D:4      | Reached skill level 5 in Axes
  2075 | D:4      | Reached skill level 5 in Armour
  2155 | D:4      | Noticed an ogre
  2162 | D:4      | Killed an ogre
  2162 | D:4      | Reached skill level 5 in Shields
  2162 | D:4      | Reached XP level 6. HP: 40/55 MP: 5/5
  2172 | D:4      | Noticed PossumBlood's ghost (amateur OpWz)
  2203 | D:4      | Killed PossumBlood's ghost
  2203 | D:4      | Reached skill level 5 in Fighting
  2240 | D:4      | Noticed Grinder
  2251 | D:4      | Killed Grinder
  2251 | D:4      | Reached skill level 6 in Axes
  2251 | D:4      | Reached XP level 7. HP: 11/61 MP: 6/6
  2318 | D:4      | Noticed Robin
  2342 | D:4      | Killed Robin
  2900 | D:5      | Entered Level 5 of the Dungeon
  3010 | D:5      | Reached skill level 7 in Axes
  3209 | D:5      | Found Romohaje's Jewellery Emporium.
  3287 | D:5      | Reached XP level 8. HP: 48/70 MP: 7/7
  3579 | D:5      | Found Osey's Antique Armour Shoppe.
  3587 | D:5      | Bought a runed cloak for 139 gold pieces
  3669 | D:5      | Found Xinocipt's Armour Emporium.
  3723 | D:5      | Found Soduq's Food Shop.
  3756 | D:5      | Bought a beef jerky for 19 gold pieces
  3756 | D:5      | Bought a meat ration for 65 gold pieces
  3756 | D:5      | Bought a meat ration for 65 gold pieces
  3938 | D:5      | Found Xarilym's Food Boutique.
  3947 | D:5      | Bought a meat ration for 65 gold pieces
  4132 | D:6      | Reached skill level 8 in Axes
  4324 | D:6      | Found a burning altar of Makhleb.
  4367 | D:6      | Reached skill level 9 in Axes
  4472 | D:6      | Found a staircase to the Ecumenical Temple.
  4485 | Temple   | Entered the Ecumenical Temple
  4880 | D:6      | Found a white marble altar of Elyvilon.
  5023 | D:6      | Reached XP level 9. HP: 79/79 MP: 8/8
  5169 | D:7      | Found Mesen's Assorted Antiques.
  5224 | D:7      | Slain by a sky beast

Action                   |  1- 3 |  4- 6 |  7- 9 || total
-------------------------+-------+-------+-------++-------
Melee: War axe           |    71 |   151 |   183 ||   405
       Hand axe          |       |       |    73 ||    73
  Use: Scroll            |       |       |     9 ||     9
       Potion            |       |       |     1 ||     1
  Eat: Bread ration      |       |     1 |     2 ||     3
       Royal jelly       |       |       |     1 ||     1
